 Dungeon Crawl Stone Soup version 0.19.5 (webtiles) character file.

187 Mesmaeker13 the Skirmisher (level 5, -2/42 HPs)
             Began as a Human Abyssal Knight on Apr 24, 2017.
             Was a Priest of Lugonu.
             Killed from afar by Sigmund (4 damage)
             ... with a magic dart
             ... on level 4 of the Dungeon.
             The game lasted 00:06:20 (4479 turns).

Mesmaeker13 the Skirmisher (Human Abyssal Knight)   Turns: 4479, Time: 00:06:21

Health: -2/42      AC:  6    Str: 13    XL:     5   Next: 99%
Magic:  7/7        EV:  7    Int: 12    God:    Lugonu [***...]
Gold:   170        SH:  8    Dex: 13    Spells: 0 memorised, 4 levels left

rFire  . . .     SeeInvis .     a - +1 falchion
rCold  . . .     Gourm    .     u - +0 scale mail
rNeg   + . .     Faith    .     b - +0 shield (curse)
rPois  .         Spirit   .     (no helmet)
rElec  .         Reflect  .     (no cloak)
rCorr  .         Harm     .     (no gloves)
MR     .....                    (no boots)
Stlth  ..........               (no amulet)
                                (no ring)
                                e - ring of positive energy

@: very slightly contaminated, invisible
A: no striking features
a: Depart the Abyss, Bend Space, Banish, Renounce Religion


You were on level 4 of the Dungeon.
You worshipped Lugonu.
Lugonu was most pleased with you.
You were hungry.

You visited 1 branch of the dungeon, and saw 4 of its levels.
You visited the Abyss 1 time.

You collected 170 gold pieces.

Inventory:

Hand Weapons
 a - a +1 falchion (weapon)
 d - a +0 scimitar
Armour
 b - a cursed +0 shield (worn)
 k - a +0 chain mail
 u - a +0 scale mail (worn)
Jewellery
 e - a ring of positive energy (left hand)
Scrolls
 f - 2 scrolls of remove curse
 g - a scroll of noise {unknown}
 m - a scroll of amnesia {unknown}
 n - a scroll of teleportation
 o - 2 scrolls of fear
 p - a scroll of enchant weapon {unknown}
Potions
 j - a potion of haste
 l - a potion of agility {unknown}
 q - 3 potions of flight {unknown}
 t - a potion of invisibility
Comestibles
 c - 7 bread rations
 h - 2 fruits
 i - 3 chunks of flesh
 r - 3 meat rations
 s - 2 beef jerkies


   Skills:
 + Level 3.9 Fighting
 + Level 3.0 Long Blades
 + Level 2.6 Armour
 - Level 1.5 Dodging
 + Level 1.8 Shields
 + Level 3.4 Invocations


You had 4 spell levels left.
You didn't know any spells.

Dungeon Overview and Level Annotations

Branches:
Dungeon (4/15)
 Temple: D:4-7

Altars:
Kikubaaqudgha
Ru

Annotations:
D:4 Sigmund


Message History

Sigmund is almost dead.
You block Sigmund's attack.
You completely miss Sigmund.
Sigmund is almost dead.
Sigmund points at you and mumbles some strange words.
The puff of flame hits you!
* * * LOW HITPOINT WARNING * * *
You are too injured to fight recklessly!
You are too injured to fight recklessly!
You are too injured to fight recklessly!
You hit Sigmund but do no damage.
Sigmund is almost dead.
Sigmund hits you with a scythe of pain!
* * * LOW HITPOINT WARNING * * *
You catch the helpless Sigmund completely off-guard!
You hit Sigmund but do no damage.
Sigmund is almost dead.
Sigmund casts a spell at you. The magic dart hits you!
You die...

# ###.....##.######.##.## ##.#...
#####.....#.....##...#.# #..#...
...##............#.#...# ##.##..#
##.......##........##..###.....##
####.............###..##(...####
#.............###............
#......#......#..............
######...........................
....#..###......@.....().........
......## ##......@....)...[......
.....#######..........###........
....#...........#.......##......#
...............#..........####..#
....#.......................##...
....#..........#.......##.#.####.
....#..........##...>.###....###.
#####..........#.......###.....#.


You could see Sigmund.

Vanquished Creatures
  A hound (D:4)
  A worker ant (D:4)
  7 adders
  A dart slug (D:3)
  5 leopard geckos
  3 orcs (D:4)
  7 bats
  2 giant cockroaches
  8 goblins
  3 hobgoblins
  2 quokkas
  5 frilled lizards
  A jackal skeleton (D:4)
  2 kobolds (D:1)
  23 rats
71 creatures vanquished.

Notes
Turn   | Place    | Note
-------+----------+-------------------------------------------
     0 | Abyss:1  | Mesmaeker13 the Human Abyssal Knight began the quest for the Orb.
     0 | Abyss:1  | Reached XP level 1. HP: 18/18 MP: 2/2
    10 | D:1      | Escaped the Abyss
   305 | D:1      | Reached XP level 2. HP: 23/24 MP: 3/3
  1131 | D:1      | Reached ** piety under Lugonu
  1131 | D:1      | Reached XP level 3. HP: 25/29 MP: 4/4
  1614 | D:2      | Found an ancient bone altar of Kikubaaqudgha.
  1813 | D:2      | Reached XP level 4. HP: 32/36 MP: 5/5
  2696 | D:3      | Reached skill level 1 in Shields
  2942 | D:3      | Reached XP level 5. HP: 40/42 MP: 7/7
  3128 | D:3      | Reached *** piety under Lugonu
  3301 | D:3      | Noticed an ogre
  3956 | D:4      | Found a sacrificial altar of Ru.
  4276 | D:4      | Noticed Sigmund
  4478 | D:4      | HP: 2/42 [Sigmund/scythe of pain (10)]
  4479 | D:4      | Killed from afar by Sigmund

Skill      XL: |  1  2  3  4  5 |
---------------+----------------+-----
Shields        | 1 |  1.8
Invocations    | 3 |  3.4
Long Blades    | 3 |  3.0
Fighting       | |  3.9
Armour         | |  2.6
Dodging        | |  1.5

Action                   |  1- 3 |  4- 6 || total
-------------------------+-------+-------++-------
Melee: Falchion          |    98 |   167 ||   265
  Use: Scroll            |       |     5 ||     5
       Potion            |       |     2 ||     2
 Stab: Invisible         |       |     2 ||     2
  Eat: Chunk             |     3 |     8 ||    11
Armor: Leather armour    |    25 |       ||    25
       Ring mail         |    10 |    42 ||    52
       Scale mail        |       |    28 ||    28
Dodge: Dodged            |    66 |    55 ||   121
Block: Shield            |       |    64 ||    64
       Rpst.: Falchion   |    20 |    22 ||    42
